 Dungeon Crawl Stone Soup version 0.29.1-15-g9cfb28693d (webtiles) character file.

Game seed: 178023515683797262

0 hawla the Firebug (level 1, -2/14 HPs)
             Began as a Meteoran Fire Elementalist on Mar 2, 2023.
             Slain by an ice beast (7 damage)
             ... on level 3 of the Dungeon.
             The game lasted 00:00:25 (57 turns).

hawla the Firebug (Meteoran Fire Elementalist)        Turns: 57, Time: 00:00:26

Health: -2/14      AC:  2    Str:  9    XL:     1   Next: 14%
Magic:  3/5        EV:  9    Int: 16    God:
Gold:   0          SH:  0    Dex: 14    Spells: 4/5 levels left

rFire   . . .      SeeInvis .   (no weapon)
rCold   . . .      Faith    .   (no shield)
rNeg    . . .      Spirit   .   a - +0 robe
rPois   .          Reflect  .   (no helmet)
rElec   .          Harm     .   (no cloak)
rCorr   .          Rampage  .   (no gloves)
Will    .....                   (no boots)
Stlth   +.........              (no amulet)
HPRegen 0.04/turn               (no ring)
MPRegen 0.09/turn               (no ring)

@: glowing, constricted
A: sense surroundings 1, otherworldly, glowing, explore regen
a: no special abilities


You were on level 3 of the Dungeon.
You visited 1 branch of the dungeon, and saw 3 of its levels.

Inventory:

Armour
 a - a +0 robe (worn)
Jewellery
 c - a ring of see invisible


   Skills:
 + Level 2.4 Dodging
 - Level 1.4 Stealth
 + Level 2.7 Spellcasting
 + Level 1.2 Conjurations
 + Level 3.6 Fire Magic


You had 4 spell levels left.
You knew the following spells:

 Your Spells              Type           Power      Damage    Failure   Level
a - Foxfire               Conj/Fire      36%        2x1d5     7%          1

Your spell library contained the following spells:

 Spells                   Type           Power      Damage    Failure   Level
 Scorch                   Fire           26%        2d6       7%          2
 Conjure Flame            Conj/Fire      9%         6-21      22%         3
 Inner Flame              Hex/Fire       8%         N/A       26%         3
 Flame Wave               Conj/Fire      9%         2d6       56%         4


Dungeon Overview and Level Annotations

Branches:
Dungeon (3/15) Zot: 1742

Altars:


Innate Abilities, Weirdness & Mutations

You passively map a small area around you.
You are easily found by Zot.
You glow in the dark.
You regain HP and MP as you explore.


Message History

The ice beast is moderately wounded.
The foxfire hits the ice beast but does no damage.
The ice beast is moderately wounded.
The foxfire hits the ice beast but does no damage.
The ice beast is moderately wounded.
Casting: Foxfire (safe; 7% risk of failure)
Confirm with . or Enter, or press ? or * to list all spells.
You conjure some foxfire!
The foxfire hits the ice beast.
The ice beast melts!
The ice beast is heavily wounded.
The foxfire hits the ice beast.
The ice beast is heavily wounded.
A kobold and a ball python come into view.
The kobold shouts!
The ball python hisses angrily.
The foxfire hits the ice beast.
The ice beast melts!
The ice beast is severely wounded.
The foxfire hits the ice beast but does no damage.
The ice beast is severely wounded.
The ice beast attacks as you move away! The ice beast hits you.
The ice beast freezes you.
Found a stone staircase leading down.
Magic courses through your body.
The ice beast hits you but does no damage.
Casting: Foxfire (safe; 7% risk of failure)
Confirm with . or Enter, or press ? or * to list all spells.
You conjure some foxfire!
The foxfire hits the ball python.
The ball python is severely wounded.
The ice beast barely misses you.
Casting: Foxfire (safe; 7% risk of failure)
Confirm with . or Enter, or press ? or * to list all spells.
You don't know that spell.
Casting: Foxfire (safe; 7% risk of failure)
Confirm with . or Enter, or press ? or * to list all spells.
You conjure some foxfire!
The foxfire hits the ice beast.
The ice beast melts!
The ice beast is severely wounded.
The ball python bites you but does no damage.
The ball python grabs you. The ball python constricts you.
The foxfire hits the kobold.
You kill the kobold!
The ice beast hits you. The ice beast freezes you!
Ouch! That really hurt!
You die...

* , ,, , , *
###*####### *
....#.....##*
.......<...##
..........v.#
*
,........Y@..#
,
........S)..#
............#
,
............#
* ,
............#,
....<......##
* .........##
####>#### , ,


You could see an ice beast (ally target) and a ball python.

Vanquished Creatures
  A frilled lizard (D:3)
  A kobold (D:3)
2 creatures vanquished.

Vanquished Creatures (others)
  11 foxfires (D:3)
11 creatures vanquished.

Grand Total: 13 creatures vanquished

Notes
Turn   | Place    | Note
-------+----------+-------------------------------------------
     0 | D:1      | hawla the Meteoran Fire Elementalist began the quest for
                  | the Orb.
     0 | D:1      | Reached XP level 1. HP: 14/14 MP: 5/5
    47 | D:3      | Noticed an ice beast
    57 | D:3      | Slain by an ice beast

Illustrated notes

Levels and vault maps discovered:
D:1:      saegor_arrival_fortress, layout_basic,
          hellmonk_ecumenical_altar_inner_sanctum, kennysheep_flooded_box,
          st_stairs_8
D:2:      layout_basic
D:3:      layout_rooms, minmay_crystal_water, serial_park_tiny_2, uniq_natasha

Action                   || total
-------------------------++-------
 Cast: Foxfire           ||     7
  Use: Potion            ||     1
Armor: Robe              ||     2
Dodge: Dodged            ||     1
